 Dungeon Crawl Stone Soup version 0.26.1-2-gb8aa6d0cf2 (webtiles) character file.

Game seed: 941272247596751437

990 Amaterasu the Slicer (level 8, 29/51 HPs)
             Began as a Kobold Gladiator on Feb 16, 2021.
             Was an Initiate of Gozag.
             Quit the game on level 5 of the Dungeon.
             The game lasted 00:07:21 (6372 turns).

Amaterasu the Slicer (Kobold Gladiator)             Turns: 6372, Time: 00:07:22

Health: 29/51      AC: 10    Str: 11    XL:     8   Next: 41%
Magic:  8/8        EV: 14    Int: 10    God:    Gozag
Gold:   376        SH:  0    Dex: 18    Spells: 7/7 levels left

rFire    . . .     SeeInvis .   g - +4 dagger (freeze)
rCold    . . .     Faith    .   (shield restricted)
rNeg     . . .     Spirit   .   i - +0 scale mail
rPois    .         Reflect  .   c - +0 helmet
rElec    .         Harm     .   k - +0 cloak
rCorr    .         Rampage  .   (no gloves)
Will     +....                  b - +0 pair of boots
Stlth    +.........             (no amulet)
HPRegen  0.17/turn              m - ring of willpower
MPRegen  0.11/turn              (no ring)

@: gold aura
A: small, nightstalker 3
a: Renounce Religion, Potion Petition, Call Merchant, Bribe Branch


You were on level 5 of the Dungeon.
You worshipped Gozag.
Gozag was aware of your devotion.
You visited 2 branches of the dungeon, and saw 7 of its levels.

You collected 430 gold pieces.
You paid 54 gold pieces to Gozag.

Inventory:

Hand Weapons
 g - a +4 dagger of freezing (weapon)
Missiles
 d - 3 throwing nets (quivered)
Armour
 b - a +0 pair of boots (worn)
 c - a +0 helmet (worn)
 i - a +0 scale mail (worn)
 k - a +0 cloak (worn)
Jewellery
 m - a ring of willpower (left hand)
Scrolls
 a - 2 scrolls of identify
 e - 5 scrolls of teleportation
 h - a scroll of remove curse
Potions
 f - a potion of flight
 l - a potion of mutation


   Skills:
 * Level 5.9 Fighting
 * Level 8.0 Short Blades
 - Level 2.1 Throwing
 - Level 3.0 Armour
 - Level 6.0 Dodging


You had 7 spell levels left.
You didn't know any spells.
Your spell library contained the following spells:

 Spells                   Type           Power        Failure   Level
 Beastly Appendage        Tmut           0%           91%         1
 Magic Dart               Conj           0%           91%         1
 Blink                    Tloc           N/A          97%         2
 Call Imp                 Summ           0%           97%         2
 Slow                     Hex            0%           97%         2
 Wereblood                Tmut           0%           97%         2
 Conjure Flame            Conj/Fire      0%           99%         3
 Mephitic Cloud           Conj/Pois/Air  0%           99%         3
 Spider Form              Tmut/Pois      0%           99%         3
 Ice Form                 Ice/Tmut       0%           100%        4
 Blade Hands              Tmut           0%           100%        5


Dungeon Overview and Level Annotations

Branches:
Dungeon (6/15)             Temple (1/1) D:4

Altars:
Cheibriados
Dithmenos
Elyvilon
Fedhas
Gozag
Hepliaklqana
Kikubaaqudgha
Makhleb
Nemelex Xobeh
Ru
Sif Muna
Trog
Uskayaw
Vehumet
Wu Jian
Xom
Yredelemnul
Zin

Shops:
D:4 !


Innate Abilities, Weirdness & Mutations

You are small and have problems with some larger weapons.
You are completely attuned to the shadows.


Message History

You closely miss the orc wizard.
The orc wizard is severely wounded.
The orc wizard hits you but does no damage.
You hit the orc wizard. You freeze the orc wizard.
The orc wizard is almost dead.
The orc wizard hits you but does no damage.
You hit the orc wizard but do no damage.
The orc wizard is almost dead.
You hit the orc wizard. You freeze the orc wizard.
You kill the orc wizard!
Your Short Blades skill increases to level 8!
No target in view!
No target in view!
No target in view!
No target in view!
No target in view!
No target in view!
No target in view!
No target in view!
Are you sure you want to abandon this character and quit the game? (Confirm with "yes".)

##.####.......##### #.#
#......)##... #####.##
#.......##.## #......#
##########.# #.###..# #.#
#.##...# ####### #.# #.##.#.#
#.....# #.## #.##.#$# #.....#
#... #....@.# #.....# ####
##...### #.....# # #...#
#.....# # ##.## ####.#### # #.#
#.......# # ####.#### #.##.##.#
# # #.......# #.##....### #
###########.##.##.###.##.###..#
# ##.......##.##...........#
#..# #


There were no monsters in sight!

Vanquished Creatures
  Sigmund (D:5)
  A sky beast (D:5)
  An ogre (D:3)
  A gnoll sergeant (D:5)
  3 killer bees (D:5)
  5 orc wizards
  Crazy Yiuf (D:5)
  2 orc priests
  8 adders
  3 gnolls (D:5)
  An adder zombie (D:5)
  A worm (D:2)
  2 dart slugs
  5 leopard geckos
  9 orcs
  A ball python (D:2)
  5 giant cockroaches
  10 goblins
  10 hobgoblins
  6 jackals
  A quokka (D:2)
  7 bats
  A frilled lizard (D:2)
  A jackal skeleton (D:4)
  9 kobolds
  A leopard gecko skeleton (D:5)
  A leopard gecko zombie (D:5)
  9 rats
106 creatures vanquished.

Vanquished Creatures (others)
  An orc wizard (D:4)
1 creature vanquished.

Grand Total: 107 creatures vanquished

Notes
Turn   | Place    | Note
-------+----------+-------------------------------------------
     0 | D:1      | Amaterasu the Kobold Gladiator began the quest for the Orb.
     0 | D:1      | Reached XP level 1. HP: 12/12 MP: 1/1
    92 | D:1      | Reached XP level 2. HP: 18/18 MP: 2/2
   573 | D:1      | Reached skill level 5 in Short Blades
   598 | D:1      | Reached XP level 3. HP: 22/22 MP: 3/3
  1269 | D:2      | Reached XP level 4. HP: 27/27 MP: 4/4
  1275 | D:2      | Reached skill level 6 in Short Blades
  1468 | D:2      | Found an ornate altar of the Wu Jian Council.
  1771 | D:2      | Reached XP level 5. HP: 29/33 MP: 5/5
  3215 | D:4      | Reached skill level 5 in Fighting
  3215 | D:4      | Reached XP level 6. HP: 22/40 MP: 6/6
  3217 | D:4      | Reached skill level 1 in Armour
  3479 | D:4      | Found a shimmering altar of Xom.
  3618 | D:4      | Found a staircase to the Ecumenical Temple.
  3625 | Temple   | Entered the Ecumenical Temple
  3959 | Temple   | Became a worshipper of Gozag Ym Sagoz the Greedy
  4224 | D:4      | Found Kaphut's Distillery.
  4387 | D:5      | Entered Level 5 of the Dungeon
  4454 | D:5      | Reached XP level 7. HP: 12/44 MP: 7/7
  4752 | D:5      | Noticed Sigmund
  4768 | D:5      | Killed Sigmund
  4769 | D:5      | Reached skill level 5 in Dodging
  4891 | D:5      | Found a shadowy altar of Dithmenos.
  5225 | D:5      | Found a runed translucent door.
  5228 | D:5      | Noticed Crazy Yiuf
  5233 | D:5      | Killed Crazy Yiuf
  5297 | D:5      | Found a hide-covered altar of Uskayaw.
  5313 | D:5      | Reached XP level 8. HP: 6/49 MP: 8/8
  5762 | D:3      | Reached skill level 7 in Short Blades
  6074 | D:5      | Found a shadowy altar of Dithmenos.
  6085 | D:5      | Found a burning altar of Makhleb.
  6372 | D:5      | Reached skill level 8 in Short Blades
  6372 | D:5      | Quit the game

Illustrated notes

Levels and vault maps discovered:
D:1:      eino_arrival_cavern_e, layout_loops_ring, moated_statue
D:2:      layout_loops_corners, lemuel_crystal_altar
D:3:      layout_loops_ring
D:4:      layout_rooms, overflow_temple_1_default, minmay_temple_entry_waves,
          serial_shops, kennysheep_mini_moat
D:5:      layout_loops_cross, grunt_temple_overflow_open, basic_altar,
          uniq_crazy_yiuf_cottage, uniq_sigmund
D:6:      layout_basic, overflow_temple_1_default, kennysheep_mini, uniq_grinder
Temple:   dshaligram_water_room_temple

Skill      XL: |  1  2  3  4  5  6  7  8 |
---------------+-------------------------+-----
Short Blades   | 5 6 8 |  8.0
Fighting       | 3 5 |  5.9
Armour         | 2 3 |  3.0
Dodging        | 4 6 |  6.0
Throwing       | |  2.1

Action                   |  1- 3 |  4- 6 |  7- 9 || total
-------------------------+-------+-------+-------++-------
Melee: Rapier            |    49 |       |       ||    49
       Dagger            |    40 |   181 |   130 ||   351
  Use: Scroll            |     3 |     6 |     1 ||    10
       Potion            |       |     2 |       ||     2
 Stab: Sleeping          |     9 |     4 |     1 ||    14
       Distracted        |       |     1 |       ||     1
Armor: Leather armour    |    13 |     4 |       ||    17
       Scale mail        |       |    35 |    22 ||    57
Dodge: Dodged            |    58 |    89 |    44 ||   191
